 Dungeon Crawl Stone Soup version 0.19.1-1-g22dce08 (webtiles) character file.

2193 paradoxae the Sneak (level 9, -9/63 HPs)
             Began as a Vampire Enchanter on Jan 2, 2017.
             Was a Follower of Sif Muna.
             Splashed by an oklob plant's acid (10 damage)
             ... on level 6 of the Dungeon.
             The game lasted 00:41:22 (8632 turns).

paradoxae the Sneak (Vampire Enchanter)             Turns: 8632, Time: 00:41:31

Health: -9/63      AC: 10    Str:  7    XL:     9   Next: 12%
Magic:  10/14      EV: 17    Int: 20    God:    Sif Muna [*.....]
Gold:   262        SH:  0    Dex: 18    Spells: 3 memorised, 7 levels left

rFire  . . .     SeeInvis +     a - +1 dagger
rCold  + + .     Gourm    .     t - +3 leather armour
rNeg   + + +     Faith    .     (no shield)
rPois  ∞         Spirit   .     (no helmet)
rElec  .         Reflect  .     (no cloak)
rCorr  .         Harm     .     A - +2 pair of gloves {Dex+3}
MR     .....                    r - +1 pair of boots
Stlth  ++++++....               (no amulet)
                                n - +3 ring of protection
                                e - +3 ring of evasion

@: corroded, bloodless, non-regenerating
A: fangs 3, see invisible, unbreathing
a: Bat Form, Divine Energy, Renounce Religion


You were on level 6 of the Dungeon.
You worshipped Sif Muna.
Sif Muna was aware of your devotion.
You were bloodless.

You visited 2 branches of the dungeon, and saw 7 of its levels.

You collected 262 gold pieces.

Inventory:

Hand Weapons
 a - a +1 dagger (weapon)
 b - a +0 dagger of speed
 v - a +0 dagger of speed
Missiles
 B - 86 stones (quivered)
Armour
 m - a +1 robe
 r - a +1 pair of boots (worn)
 t - a +3 leather armour (worn)
 w - a +2 pair of gloves of archery
 A - a +2 pair of gloves of dexterity (worn)
 F - a +0 cloak
Jewellery
 e - a +3 ring of evasion (left hand)
 n - a +3 ring of protection (right hand)
 C - an uncursed amulet of faith {unknown}
Wands
 j - a wand of confusion (21/48)
 u - a wand of heal wounds (4/9)
Scrolls
 f - 2 scrolls of amnesia
 i - 3 scrolls of identify
 p - a scroll of remove curse
 x - a scroll of magic mapping {unknown}
 y - 2 scrolls of teleportation {unknown}
 z - a scroll of noise {unknown}
Potions
 d - 5 potions of curing
 g - a potion of heal wounds {unknown}
 h - 2 potions of might {unknown}
 k - 2 potions of degeneration {unknown}
 l - 2 potions of brilliance {unknown}
 q - 19 potions of blood
 s - 2 potions of lignification {unknown}
 E - a potion of haste {unknown}
Books
 c - a book of Maledictions

   Spells                             Type                      Level
   a - Corona                         Hexes                        1
   b - Ensorcelled Hibernation        Hexes/Ice                    2
   c - Confuse                        Hexes                        3
   d - Tukima's Dance                 Hexes                        3
   e - Dazzling Spray                 Conjuration/Hexes            3
 o - a book of Unlife

   Spells                             Type                      Level
   a - Recall                         Summoning/Translocation      3
   b - Animate Dead                   Necromancy                   4
   c - Control Undead                 Necromancy                   4
   d - Cigotuvi's Embrace             Necromancy                   5
   e - Death Channel                  Necromancy                   6
   f - Simulacrum                     Ice/Necromancy               6
 D - a book of Cantrips

   Spells                             Type                      Level
   a - Confusing Touch                Hexes                        1
   b - Animate Skeleton               Necromancy                   1
   c - Summon Small Mammal            Summoning                    1
   d - Apportation                    Translocation                1


   Skills:
 + Level 3.1 Fighting
 + Level 4.1 Short Blades
 + Level 2.9 Armour
 + Level 4.8 Dodging
 + Level 7.2 Stealth
 + Level 3.7 Spellcasting
 * Level 2.7 Conjurations
 + Level 7.1 Hexes
 + Level 3.3 Ice Magic
 + Level 2.3 Invocations
 + Level 2.3 Evocations


You had 7 spell levels left.
You knew the following spells:

 Your Spells              Type           Power        Failure   Level  Hunger
c - Confuse               Hex            ####....     3%          3    ###....
d - Dazzling Spray        Conj/Hex       ###...       10%         3    ###....
z - Ensorcelled Hibernat  Hex/Ice        ###...       3%          2    ##.....


Dungeon Overview and Level Annotations

Branches:
Dungeon (6/15)             Temple (1/1) D:4

Altars:
Ashenzari
Cheibriados
Elyvilon
Fedhas
Kikubaaqudgha
Makhleb
Nemelex Xobeh
Sif Muna
Xom
Yredelemnul
Zin

Shops:
D:5 !

Annotations:
D:6 exclusion: oklob plant


Innate Abilities, Weirdness & Mutations

You do not heal naturally.
You are immune to poison.
You have razor-sharp teeth.
You have supernaturally acute eyesight. (SInv)
You can survive without breathing.


Message History

You hit the oklob plant but do no damage.
The oklob plant is severely damaged.
You hit the oklob plant but do no damage.
The oklob plant is severely damaged.
The oklob plant seems less confused.
The oklob plant spits acid at you. The splash of acid hits you!
You are splashed with acid!
The acid burns!
* * * LOW HITPOINT WARNING * * *
You are too injured to fight recklessly!
You are too injured to fight recklessly!
You hit the oklob plant but do no damage.
The oklob plant is severely damaged.
You hit the oklob plant.
You bite the oklob plant, but do no damage.
The oklob plant is almost destroyed.
The oklob plant spits acid at you. The splash of acid hits you!
* * * LOW HITPOINT WARNING * * *
The acid corrodes you!
You are splashed with acid!
The acid burns!
You die... ### ###### ##### PPP###.PPP###.PP# .# PP#.PP#PPPPP#%P.## P #PP.PPP#PP.%@%PP#

#.##P#P#PPPP.PPP.%P#
##P#PP.......PPPPP.P#
#PPPP..≈≈.≈≈..P.PP..#
PP##..≈≈≈.≈≈≈...PPPP#
P#P..≈≈≈≈.≈≈≈≈..P.PP#
P#P.≈≈≈≈≈.≈≈≈≈≈.PP###
PP#.≈≈≈≈...≈≈≈≈..#PP
PP#.≈≈≈≈._.≈≈≈≈.PPPP#


You could see an oklob plant.

Vanquished Creatures
  Menkaure (D:4)
  2 ice beasts (D:6)
  A phantom (D:5)
  4 sky beasts
  4 ogres
  Blork the orc (D:5)
  3 scorpions
  3 wights (D:6)
  3 hounds
  2 centaur skeletons
  3 orc priests
  Terence (D:2)
  4 orc wizards
  2 hell rats (D:5)
  A worker ant (D:5)
  A hound skeleton (D:6)
  A worker ant zombie (D:5)
  11 adders
  5 river rats (D:5)
  An ooze (D:3)
  2 worms (D:3)
  2 dart slugs (D:1)
  6 leopard geckos
  15 orcs
  3 ball pythons
  9 bats
  2 bat zombies (D:3)
  11 giant cockroaches
  6 goblins
  5 hobgoblins
  15 jackals
  4 quokkas
  7 frilled lizards
  7 kobolds
  A quokka zombie (D:6)
  27 rats
  2 rat zombies (D:3)
  A fungus (D:6)
179 creatures vanquished.

Vanquished Creatures (others)
  A fungus (D:6)
1 creature vanquished.

Grand Total: 180 creatures vanquished

Notes
Turn   | Place    | Note
-------+----------+-------------------------------------------
     0 | D:1      | paradoxae the Vampire Enchanter began the quest for the Orb.
     0 | D:1      | Reached XP level 1. HP: 13/13 MP: 3/3
   315 | D:1      | Reached XP level 2. HP: 12/20 MP: 3/5
   319 | D:1      | Learned a level 2 spell: Ensorcelled Hibernation
   875 | D:2      | Reached XP level 3. HP: 23/25 MP: 1/6
  1460 | D:2      | Noticed Terence
  1465 | D:2      | Killed Terence
  1465 | D:2      | Reached skill level 1 in Fighting
  1465 | D:2      | Reached skill level 1 in Armour
  1465 | D:2      | Reached skill level 1 in Ice Magic
  1465 | D:2      | Reached XP level 4. HP: 32/32 MP: 2/7
  1472 | D:2      | Learned a level 3 spell: Confuse
  2214 | D:2      | Reached skill level 5 in Stealth
  2734 | D:3      | Reached XP level 5. HP: 37/37 MP: 8/8
  3039 | D:3      | Found an ancient bone altar of Kikubaaqudgha.
  3231 | D:3      | Reached skill level 5 in Hexes
  3883 | D:4      | Reached XP level 6. HP: 44/44 MP: 9/9
  3888 | D:4      | Learned a level 3 spell: Dazzling Spray
  3961 | D:4      | Found a staircase to the Ecumenical Temple.
  3968 | Temple   | Entered the Ecumenical Temple
  3976 | Temple   | Became a worshipper of Sif Muna the Loreminder
  4640 | D:4      | HP: 1/44 [orc wizard/magic dart (5)]
  5069 | D:3      | Reached XP level 7. HP: 50/50 MP: 6/11
  5168 | D:4      | Noticed Menkaure
  5172 | D:4      | Killed Menkaure
  5267 | D:4      | Reached skill level 1 in Conjurations
  5641 | D:4      | Reached skill level 1 in Invocations
  5641 | D:4      | Reached skill level 1 in Evocations
  6021 | D:5      | Entered Level 5 of the Dungeon
  6132 | D:5      | Noticed Blork the orc
  6142 | D:5      | Killed Blork the orc
  6142 | D:5      | Reached XP level 8. HP: 57/57 MP: 9/12
  6209 | D:5      | Reached * piety under Sif Muna
  7137 | D:5      | Found Rorhib Xie's Distillery.
  8215 | D:6      | Reached XP level 9. HP: 63/63 MP: 11/14
  8507 | D:6      | Found a blossoming altar of Fedhas.
  8531 | D:6      | Noticed an oklob plant
  8632 | D:6      | HP: 1/63 [oklob plant/splash of acid (8)]
  8632 | D:6      | Splashed by an oklob plant's acid

Skill      XL: |  1  2  3  4  5  6  7  8  9 |
---------------+----------------------------+-----
Fighting       | 1 2 3 |  3.1
Armour         | 1 2 |  2.9
Ice Magic      | 1 2 3 |  3.3
Stealth        | 5 6 7 |  7.2
Short Blades   | 2 3 4 |  4.1
Dodging        | 3 4 |  4.8
Hexes          | 5 6 7 |  7.1
Spellcasting   | 3 |  3.7
Conjurations   | 1 2 |  2.7
Invocations    | 1 2 |  2.3
Evocations     | 1 2 |  2.3

Action                   |  1- 3 |  4- 6 |  7- 9 || total
-------------------------+-------+-------+-------++-------
Melee: Dagger            |    86 |   171 |   254 ||   511
       Bite              |     4 |     4 |    28 ||    36
 Cast: Corona            |     2 |     1 |       ||     3
       Ensorcelled Hiber |    19 |    36 |    62 ||   117
       Confuse           |       |     4 |    12 ||    16
 Abil: End Transformatio |       |     1 |       ||     1
       Bat Form          |       |     1 |       ||     1
  Use: Scroll            |       |     3 |     2 ||     5
       Potion            |       |     4 |       ||     4
 Stab: Sleeping          |    16 |    38 |    64 ||   118
       Confused          |       |     1 |     8 ||     9
Armor: Robe              |    17 |    36 |       ||    53
       Leather armour    |       |    17 |    36 ||    53
Dodge: Dodged            |    68 |   157 |   111 ||   336
